 Dungeon Crawl Stone Soup version 0.30.0-10-gfe55d96785 (webtiles) character file.

Game seed: 7849301387587729108

124 AarnesTheHuman the Shooter (level 5, -4/42 HPs)
             Began as a Formicid Hunter on May 15, 2023.
             Slain by an elf zombie (5 damage)
             ... in an ossuary.
             The game lasted 00:05:22 (2750 turns).

AarnesTheHuman the Shooter (Formicid Hunter)        Turns: 2750, Time: 00:05:23

Health: -4/42      AC:  3    Str: 17    XL:     5   Next: 30%
Magic:  5/5        EV: 12    Int:  9    God:
Gold:   185        SH:  0    Dex: 17    Spells: 4/4 levels left

rFire   . . .        b - +2 rapier (venom)
rCold   . . .        (no shield)
rNeg    . . .        c - +0 leather armour
rPois   +            (helmet unavailable)
rElec   .            (no cloak)
rCorr   .            (no gloves)
SInv    +            (no boots)
Will    .....        (no amulet)
Stlth   ++           w - ring of poison resistance
HPRegen 0.27/turn    (no ring)
MPRegen 0.09/turn

%: no passive effects
@: no status effects
A: permanent stasis, dig shafts and tunnels, antennae 3, four strong arms,
mutation resistance 1
a: Dig


You were in an ossuary.
You visited 1 branch of the dungeon, and saw 4 of its levels.
You also visited: Ossuary.

You collected 185 gold pieces.

Inventory:

Hand Weapons
 a - a +0 shortbow
 b - a +2 rapier of venom (weapon)
 q - a +0 vampiric short sword
Missiles
 d - a throwing net
 e - 24 stones
Armour
 c - a +0 leather armour (worn)
Jewellery
 w - a ring of poison resistance (left hand)
Wands
 s - a wand of light (7)
 u - a wand of flame (10)
Scrolls
 i - 2 scrolls of identify
 j - 2 scrolls of immolation
 o - a scroll of blinking
Potions
 f - a potion of haste {unknown}
 g - 4 potions of curing
 k - a potion of lignification {unknown}
 l - a potion of attraction {unknown}
 m - a potion of mutation
 n - a potion of magic {unknown}
 p - a potion of brilliance {unknown}


   Skills:
 + Level 4.2 Fighting
 + Level 5.2 Ranged Weapons
 - Level 1.7 Dodging
 - Level 1.2 Stealth


You had 4 spell levels left.
You didn't know any spells.
Your spell library contained the following spells:

 Spells                   Type           Power      Damage    Failure   Level
 Inner Flame              Hex/Fire       0%         N/A       83%         3
 Animate Armour           Summ/Erth      0%         N/A       99%         4
 Flame Wave               Conj/Fire      0%         2d4       99%         4
 Sticky Flame             Conj/Fire      0%         2d3       99%         4
 Blade Hands              Tmut           0%         N/A       100%        5
 Iron Shot                Conj/Erth      0%         9d1       100%        6


Dungeon Overview and Level Annotations

Branches:
Dungeon (4/15)            Ossuary (1/1)
 Temple: D:4-7

Altars:
Nemelex Xobeh

Annotations:
D:3 1 runed translucent door, exclusion: downstairs, Crazy Yiuf


Innate Abilities, Weirdness & Mutations

You cannot be hasted, slowed, berserked, paralysed or teleported.
You can dig through walls and to a lower floor.
You have a pair of large antennae on your head. (SInv)
Your four strong arms can wield two-handed weapons with a shield.
You are somewhat resistant to further mutation.


Message History

Your butterfly dies!
Your butterfly disappears in a burst of colours!
The adder zombie completely misses you. The gnoll zombie barely misses you.
The human zombie hits you.
The hound zombie bites you but does no damage.
You closely miss the adder zombie.
The adder zombie is heavily damaged.
The jackal zombie barely misses you. x2
The adder zombie bites you but does no damage.
The elf zombie hits you. The hound zombie barely misses you.
The gnoll zombie closely misses your butterfly.
The human zombie hits you.
* * * LOW HITPOINT WARNING * * *
The gnoll zombie hits you.
* * * LOW HITPOINT WARNING * * *
The jackal zombie barely misses you. The jackal zombie closely misses you.
Aiming: Bolt of Light
Press: ? - help, Shift-Dir - straight line, f - gnoll zombie
Aim: a gnoll zombie (ally target, 94% to hit)
The bolt of light hits the gnoll zombie!
The gnoll zombie is severely damaged.
The gnoll zombie is blinded.
The adder zombie bites you but does no damage.
The hound zombie bites you.
* * * LOW HITPOINT WARNING * * *
The elf zombie hits you.
* * * LOW HITPOINT WARNING * * *
The jackal zombie closely misses you. x2; The gnoll zombie hits your butterfly.
Your butterfly dies!
Your butterfly disappears in a burst of colours!
The human zombie closely misses you. The gnoll zombie misses you.
It was a potion of mutation.
You feel extremely strange.
You feel genetically stable. The hound zombie closely misses you.
The adder zombie bites you.
* * * LOW HITPOINT WARNING * * *
The jackal zombie barely misses you. The jackal zombie bites you.
* * * LOW HITPOINT WARNING * * *
The kobold zombie closely misses your butterfly.
The elf zombie hits you.
You die...

...............
...............
...............
...........b...
....b...bb.....
...bbbbb.bb....
......ZZZ......
....bZZ@b.Zb...
...bb.ZZZZ.....
.......Z..bbb..
........b......
....b.b........
...............
.b.............
...............


You could see an adder zombie (ally target), 2 jackal zombies, a hound zombie
(ally target), a goblin zombie (ally target), 2 gnoll zombies, a kobold zombie
(ally target), 2 elf zombies and a human zombie.

Vanquished Creatures
  A mummy (D:4)
  3 adders
  4 worms
  2 dart slugs
  An orc (D:3)
  8 endoplasms
  4 giant cockroaches
  6 goblins
  3 hobgoblins
  3 jackals
  A quokka (D:1)
  12 ball pythons
  4 bats
  3 frilled lizards
  A hobgoblin zombie (Ossuary)
  5 kobolds
  An orc zombie (D:4)
  4 rats
66 creatures vanquished.

Notes
Turn   | Place    | Note
-------+----------+-------------------------------------------
     0 | D:1      | AarnesTheHuman the Formicid Hunter began the quest for the
                  | Orb.
     0 | D:1      | Reached XP level 1. HP: 16/16 MP: 1/1
   132 | D:1      | Reached XP level 2. HP: 23/23 MP: 2/2
   373 | D:1      | Reached XP level 3. HP: 29/29 MP: 3/3
   839 | D:2      | Reached XP level 4. HP: 35/35 MP: 4/4
  1617 | D:3      | Found a sparkling altar of Nemelex Xobeh.
  1868 | D:3      | Reached skill level 5 in Ranged Weapons
  1972 | D:3      | Found a runed translucent door.
  1973 | D:3      | Noticed Crazy Yiuf
  2050 | D:3      | Reached XP level 5. HP: 38/42 MP: 5/5
  2661 | D:4      | Found a sand-covered staircase.
  2735 | Ossuary  | Entered an ossuary
  2750 | Ossuary  | Gained mutation: You are somewhat resistant to further
                  | mutation. [potion of mutation]
  2750 | Ossuary  | HP: 1/42 [jackal zombie (2)]
  2750 | Ossuary  | Slain by an elf zombie

Illustrated notes

Levels and vault maps discovered:
D:1:      kennysheep_arrival_seaside, layout_basic, serial_forest,
          infiniplex_forest_lined_3, infiniplex_forest_end_2,
          infiniplex_forest_straight_5, infiniplex_forest_clump_medium,
          minmay_pentomino_u2
D:2:      kennysheep_big_flooded_room, layout_loops_ring, minmay_cut_off
D:3:      layout_loops_ring, nemelex_dance_club_becter, uniq_crazy_yiuf_cottage
D:4:      layout_basic, mainiacjoe_overflow_six_doors_small,
          nicolae_qazlal_eye_of_the_storm, ebering_ghost_sewer_d,
          nicolae_ossuary_entry_giza, uniq_natasha
Ossuary:  ossuary_minmay_tomb_2a

Skill      XL: |  1  2  3  4 |
---------------+-------------+-----
Fighting       | 3 4 |  4.2
Ranged Weapons | 5 |  5.2
Dodging        | |  1.7
Stealth        | |  1.2

Action                     |  1- 3 |  4- 6 || total
---------------------------+-------+-------++-------
  Melee: Rapier            |     6 |    36 ||    42
   Fire: Shortbow          |    61 |   102 ||   163
  Evoke: Wand              |       |     1 ||     1
    Use: Scroll            |       |     7 ||     7
         Potion            |       |     1 ||     1
   Stab: Sleeping          |       |     1 ||     1
 Armour: Leather armour    |    15 |    24 ||    39
  Dodge: Dodged            |    32 |    68 ||   100
